Map: Orbital Shipyard

Players

LilDicky

  • Race: Terran Terran
  • League: Diamond

Princess - Winner!

  • Race: Protoss Protoss
  • League: Diamond

VOD

http://www.twitch.tv/tumescentpie

Description

Time

  • Played on: Dec. 7, 2015, 11:01 a.m.
  • Length: 12:51
Show
View Real Time Build Order
Export as new Build Order

LilDicky Terran 

Build Orders: MMM Bio 

Get SALT Encoding   

  12  0:01  SCV  
  13  0:13  SCV  
  14  0:18  Supply Depot  
  14  0:25  SCV  
  15  0:31  Refinery  
  15  0:39  SCV  
  16  0:45  Barracks  
  16  0:56  SCV  
  17  1:08  SCV  
  19  1:32  Orbital Command  
  18  1:35  Supply Depot, Marine  
  19  1:42  Factory  
  19  1:53  Barracks  
  19  1:55  Barracks  
  19  1:59  Barracks Reactor  
  19  2:06  Refinery  
  19  2:10  SCV  
  20  2:22  Supply Depot  
  20  2:23  SCV  
  21  2:37  Marine x2  
  21  2:39  SCV  
  24  2:48  Widow Mine  
  24  2:50  Barracks Tech Lab x2  
  26  2:52  SCV  
  27  3:07  SCV  
  27  3:08  Marine x2  
  27  3:09  Stimpack  
  27  3:11  Combat Shields  
  30  3:19  SCV  
  29  3:29  Marine x4  
  33  3:35  Starport  
  33  3:40  Supply Depot  
  33  3:46  SCV, Marine  
  35  3:55  Engineering Bay, Marine  
  36  3:57  Marine  
  36  4:00  Marine  
  38  4:04  Marine  
  39  4:13  Marine  
  39  4:14  Supply Depot  
  39  4:17  Medivac  
  42  4:22  Marauder  
  43  4:24  Marine  
  44  4:33  Missile Turret  
  44  4:36  SCV  
  44  4:37  Marine  
  46  4:44  Marauder, Marine  
  49  4:53  Marauder  
  49  4:55  Marine  
  52  5:03  Marine  
  52  5:04  Missile Turret, Marine  
  52  5:06  Concussive Shells  
  54  5:14  Supply Depot, Marine  
  42  5:54  Marine x2  
  42  5:55  Marauder x2  
  41  5:57  Medivac  
  43  6:06  Command Center  
  43  6:16  SCV, Marine x2  
  43  6:17  Marine  
  47  6:28  SCV, Starport Reactor  
  48  6:37  Factory  
  48  6:40  SCV  
  48  6:44  Marine x2  
  48  6:45  Supply Depot  
  48  6:46  Marine  
  52  6:54  SCV  
  52  6:55  Marine, Liberator x2  
  54  7:01  Marine  
  54  7:06  SCV  
  62  7:22  Orbital Command  
  62  7:25  Factory Tech Lab  
  62  7:28  SCV  
  63  7:34  Marine x2  
  65  7:38  Marine  
  65  7:40  SCV  
  65  7:42  Terran Infantry Weapons Level 1  
  67  7:47  Siege Tank  
  67  7:51  SCV  
  71  7:52  Marine  
  69  8:18  Marine x3  
  68  8:30  Medivac  
  68  8:45  Marine  
  68  8:46  Marine x3  
  68  8:56  Medivac  
  68  9:00  Medivac  
  68  9:03  Marine x2  
  68  9:04  Marauder x2  
  68  9:09  SCV x2  
  63  9:21  Marine x2  
  55  9:26  Medivac, Marauder x2  
  55  9:27  Command Center  
  61  9:37  Liberator  
  62  9:38  SCV  
  62  9:39  Marine x2, Siege Tank, Liberator  
  62  9:41  SCV  
  68  9:47  Marauder x2  
  72  9:57  Marine x2  
  80  10:08  Marauder, Marine  
  83  10:15  Marine x2  
  85  10:26  Marine  
  86  10:30  Marine  
  77  10:42  Marine  
  77  10:44  Marauder  
  80  10:56  Marine x2  
  59  11:09  Marine x2  
  58  11:12  Siege Tank  
  58  11:13  Marine x2  
  63  11:27  Marine x2  
  63  11:31  Marine x2  
  67  11:45  Marine x2  
  69  11:49  Marine x2  
  53  12:02  Marine x2  
  53  12:07  Marauder, Marine  
  56  12:21  Marauder  
  58  12:29  Marauder  
Show
View Real Time Build Order
Export as new Build Order

Princess Protoss - Winner!

Build Orders: Nexus First 

Get SALT Encoding   

  12  0:01  Probe (Chrono Boost)  
  13  0:11  Probe (Chrono Boost)  
  14  0:17  Pylon  
  14  0:22  Probe (Chrono Boost)  
  16  0:36  Probe (Chrono Boost)  
  16  0:46  Probe (Chrono Boost)  
  17  0:57  Probe (Chrono Boost)  
  18  1:03  Nexus  
  18  1:07  Probe (Chrono Boost)  
  19  1:13  Assimilator  
  19  1:18  Gateway  
  19  1:22  Assimilator  
  19  1:25  Probe (Chrono Boost)  
  20  1:36  Probe (Chrono Boost), Pylon  
  21  1:46  Probe (Chrono Boost)  
  22  1:50  Assimilator  
  22  1:57  Probe (Chrono Boost)  
  23  2:05  Cybernetics Core  
  23  2:07  Zealot (Chrono Boost)  
  26  2:14  Probe (Chrono Boost)  
  26  2:24  Probe  
  27  2:31  Gateway x2  
  27  2:34  Probe  
  28  2:42  Warp Gate  
  28  2:45  Stalker (Chrono Boost), Probe  
  31  2:53  Mothership Core  
  33  2:58  Probe  
  34  3:09  Probe  
  34  3:12  Sentry (Chrono Boost)  
  37  3:19  Probe  
  38  3:27  Probe  
  38  3:30  Probe  
  40  3:39  Sentry (Chrono Boost)  
  40  3:40  Probe, Nexus  
  42  3:47  Pylon  
  43  3:51  Probe  
  43  3:54  Pylon  
  44  3:57  Twilight Council  
  44  4:01  Probe  
  45  4:14  Probe  
  46  4:18  Assimilator  
  46  4:22  Assimilator  
  46  4:25  Probe  
  46  4:26  Pylon  
  47  4:32  Probe  
  47  4:34  Blink (Chrono Boost)  
  47  4:35  Probe  
  49  4:40  Gateway  
  49  4:41  Gateway  
  49  4:43  Pylon  
  49  4:44  Probe  
  50  4:46  Probe  
  50  4:52  Probe  
  49  4:56  Stalker x2, Probe  
  49  4:57  Zealot  
  57  5:07  Probe x2  
  59  5:17  Probe  
  59  5:18  Probe  
  59  5:21  Zealot x3  
  63  5:28  Probe  
  68  5:38  Pylon  
  68  5:39  Probe  
  68  5:41  Stalker x2  
  61  5:59  Probe  
  61  6:01  Probe  
  63  6:05  Assimilator  
  63  6:06  Stalker x3  
  63  6:07  Stalker x2  
  63  6:09  Probe  
  63  6:10  Assimilator  
  74  6:11  Probe  
  75  6:20  Probe  
  75  6:22  Probe  
  75  6:24  Charge (Chrono Boost)  
  77  6:30  Probe, Forge  
  77  6:31  Forge  
  77  6:32  Probe  
  78  6:33  Forge  
  79  6:41  Probe  
  80  6:49  Probe  
  80  6:51  Pylon x2  
  80  6:54  Pylon  
  81  7:00  Probe  
  81  7:08  Protoss Shields Level 1 (Chrono Boost), Protoss Ground Weapons Level 1 (Chrono Boost), Protoss Ground Armor Level 1 (Chrono Boost)  
  82  7:11  Probe  
  82  7:12  Photon Cannon  
  82  7:14  Pylon  
  83  7:17  Stalker x5  
  93  7:23  Probe  
  93  7:24  Photon Cannon  
  93  7:27  Probe, Photon Cannon  
  95  7:35  Probe  
  96  7:39  Probe  
  97  7:47  Probe  
  97  7:48  Adept  
  97  7:51  Probe  
  101  7:55  Resonating Glaives  
  101  8:00  Probe  
  101  8:03  Probe  
  95  8:05  Stalker x2  
  95  8:06  Stalker x2  
  95  8:10  Templar Archives  
  95  8:12  Probe  
  104  8:14  Photon Cannon  
  104  8:19  Gateway  
  104  8:20  Gateway  
  104  8:21  Gateway  
  102  8:31  Stalker x4  
  102  8:32  Stalker  
  109  9:00  Stalker  
  109  9:01  Stalker x4  
  118  9:03  Psionic Storm  
  118  9:08  Protoss Ground Armor Level 2 (Chrono Boost)  
  118  9:09  Protoss Shields Level 2 (Chrono Boost)  
  115  9:10  Protoss Ground Weapons Level 2 (Chrono Boost)  
  115  9:12  Probe  
  110  9:24  Probe  
  111  9:36  Probe, Pylon  
  112  9:41  Zealot x6  
  124  9:51  Pylon  
  124  9:54  Pylon  
  124  9:56  Pylon  
  124  9:57  Pylon  
  124  10:11  Pylon  
  124  10:12  Pylon  
  124  10:13  Pylon  
  124  10:17  Stalker x5  
  124  10:18  Stalker x3  
  114  10:44  Photon Cannon  
  114  10:45  Photon Cannon  
  114  10:46  Photon Cannon  
  114  10:48  Photon Cannon  
  96  10:58  Photon Cannon  
  96  10:59  Nexus  
  96  11:00  Photon Cannon  
  82  11:05  High Templar x4  
  82  11:06  High Templar x3  
  95  11:43  Archon  
  95  11:44  Adept, Archon  
  95  11:45  Adept x3  
Tags
 
Add a new tag
Caveats
  • Supply blocks, unpowered buildings, or Contaminate may cause inaccurate times.
  • Supply counts are checked every 10 seconds.